 Dungeon Crawl Stone Soup version 0.21-a0-513-gdcb3f5e (webtiles) character file.

49 slep the Chopper (level 3, -3/28 HPs)
             Began as a Barachi Gladiator on Dec 3, 2017.
             Slain by Sigmund
             ... wielding a +0 scythe
              (7 damage)
             ... on level 2 of the Dungeon.
             The game lasted 00:01:55 (755 turns).

slep the Chopper (Barachi Gladiator)                 Turns: 755, Time: 00:01:57

Health: -3/28      AC:  5    Str: 16    XL:     3   Next: 77%
Magic:  3/3        EV: 14    Int:  8    God:
Gold:   33         SH:  0    Dex: 13    Spells: 2/2 levels left

rFire    . . .     SeeInvis .   a - +0 war axe
rCold    . . .     Gourm    .   (no shield)
rNeg     + . .     Faith    .   i - +2 robe {rN+}
rPois    .         Spirit   .   e - +0 helmet
rElec    .         Reflect  .   (no cloak)
rCorr    .         Harm     .   (no gloves)
MR       .....                  (no boots)
Stlth    +.........             (no amulet)
HPRegen  0.09/turn              (no ring)
MPRegen  0.08/turn              (no ring)

@: slow
A: +LOS, swims, slowness 1, strong legs 1
a: Hop


You were on level 2 of the Dungeon.
You were not hungry.

You visited 1 branch of the dungeon, and saw 2 of its levels.

You collected 33 gold pieces.

Inventory:

Hand Weapons
 a - a +0 war axe (weapon)
Missiles
 d - 3 throwing nets (quivered)
Armour
 b - a +0 leather armour
 c - a +0 helmet
 e - a +0 helmet (worn)
 i - a +2 robe of positive energy (worn)
Scrolls
 h - 2 scrolls of remove curse {unknown}
 j - a scroll of identify {unknown}
Potions
 k - a potion of curing {unknown}
 l - a potion of lignification {unknown}
Comestibles
 f - 3 bread rations
 g - 2 royal jellies


   Skills:
 + Level 2.6 Fighting
 + Level 4.3 Axes
 + Level 2.1 Throwing
 + Level 3.8 Dodging
 + Level 0.5 Stealth


You had 2 spell levels left.
You didn't know any spells.

Dungeon Overview and Level Annotations

Branches:
Dungeon (2/15)

Altars:

Annotations:
D:2 Sigmund


Innate Abilities, Weirdness & Mutations

Shadows flee at your approach. (+LOS)
You can swim through water.
You cover ground slowly.
You can hop short distances.


Message History

There is an open door here.
The helpless Sigmund fails to defend himself.
You hit Sigmund.
Sigmund is lightly wounded.
Sigmund hits you with a scythe!
You slash Sigmund!
Sigmund is moderately wounded.
Sigmund barely misses you.
You barely miss Sigmund.
Sigmund is moderately wounded.
Sigmund hits you with a scythe.
You hit Sigmund but do no damage.
Sigmund is moderately wounded.
You hit Sigmund.
Sigmund is moderately wounded.
Sigmund casts a spell at you. The puff of flame hits you!
* * * LOW HITPOINT WARNING * * *
Sigmund hits you with a scythe!
You die...

#........................
###.###...........########.
..<...............##
.##.##.............#
.##.##........#...##
.##.##.#########.##
.##..... #.# .#####.. #.#
.# #..# #@# .# #..# #..@#
........# #.....# #####
#.=.....# # #.........# ..
+.........+ ### #......%..#
##>......## ##.....##


You could see Sigmund.

Vanquished Creatures
  A worker ant (D:2)
  An ooze (D:1)
  A dart slug (D:1)
  A leopard gecko (D:1)
  3 giant cockroaches (D:1)
  3 goblins (D:1)
  A hobgoblin (D:1)
  4 bats (D:1)
  A frilled lizard (D:1)
  2 rats (D:1)
18 creatures vanquished.

Notes
Turn   | Place    | Note
-------+----------+-------------------------------------------
     0 | D:1      | slep the Barachi Gladiator began the quest for the Orb.
     0 | D:1      | Reached XP level 1. HP: 17/17 MP: 1/1
    70 | D:1      | Reached XP level 2. HP: 19/23 MP: 2/2
   548 | D:1      | Reached XP level 3. HP: 28/28 MP: 3/3
   729 | D:2      | Reached skill level 4 in Axes
   749 | D:2      | Noticed Sigmund
   755 | D:2      | Slain by Sigmund

Vault maps used:
D:1:      saegor_arrival_simple_c
D:2:      wad_pebble_path, first_bread, uniq_sigmund

Skill      XL: |  1  2  3 |
---------------+----------+-----
Axes           | 4 |  4.3
Fighting       | |  2.6
Throwing       | |  2.1
Dodging        | |  3.8
Stealth        | |  0.5

Action                   || total
-------------------------++-------
Melee: War axe           ||    54
 Stab: Sleeping          ||     2
Armor: Leather armour    ||     2
       Robe              ||    17
Dodge: Dodged            ||    45

Table legend:
 A = Spawn XP
 B = Non-spawn XP
 C = Spawn XP percentage of total XP
 D = Spawn monster count
 E = Non-spawn monster count
 F = Spawn count percentage of total count
 G = Total turns spent on level
                    A         B        C        D         E        F      G
               +---------+---------+-------+---------+---------+-------+---------
         Total |       0 |      71 |   0.0 |       0 |      18 |   0.0 |   755
               +---------+---------+-------+---------+---------+-------+---------
           D:1 |       0 |      35 |   0.0 |       0 |      17 |   0.0 |   687
           D:2 |       0 |      36 |   0.0 |       0 |       1 |   0.0 |    68
               +---------+---------+-------+---------+---------+-------+---------
